 Dungeon Crawl Stone Soup version 0.27-a0-95-g5a9077b8ae (webtiles) character file.

Game seed: 14243875088333090588

231 dickylongcocking the Chucker (level 6, -4/39 HPs)
             Began as an Octopode Hunter on Jan 17, 2021.
             Was an Initiate of Gozag.
             Slain by a gnoll
             ... wielding a cursed -1 spear
              (5 damage)
             ... on level 4 of the Dungeon.
             The game lasted 00:03:35 (4938 turns).

dickylongcocking the Chucker (Octopode Hunter)      Turns: 4938, Time: 00:03:35

Health: -4/39      AC:  1    Str: 11      XL:     6   Next: 4%
Magic:  6/6        EV: 13    Int: 12 (14) God:    Gozag
Gold:   483        SH:  0    Dex: 14      Spells: 5/5 levels left

rFire    . . .     SeeInvis +   a - +0 short sword
rCold    . . .     Faith    .   (no shield)
rNeg     . . .     Spirit   .   (helmet restricted)
rPois    .         Reflect  .   (no amulet)
rElec    .         Harm     .   t - ring of see invisible
rCorr    +         Rampage  .   w - ring of flight
Will     .....                  x - ring of resist corrosion
Stlth    ++++......             y - ring of stealth
HPRegen  0.13/turn              (no ring)
MPRegen  0.10/turn              (no ring)
                                (no ring)
                                (no ring)

@: gold aura
A: almost no armour, stealthy swim, amphibious, 8 rings, constrict 8, camouflage
1, gelatinous body 1
a: Renounce Religion, Evoke Flight, Potion Petition, Call Merchant, Bribe Branch


You were on level 4 of the Dungeon.
You worshipped Gozag.
Gozag was aware of your devotion.
You visited 1 branch of the dungeon, and saw 4 of its levels.

You collected 512 gold pieces.
You paid 29 gold pieces to Gozag.

Inventory:

Hand Weapons
 a - a +0 short sword (weapon)
Missiles
 b - a javelin (quivered)
 c - 2 throwing nets
 q - 18 poisoned darts
Jewellery
 t - a ring of see invisible (left tentacle)
 w - a ring of flight (right tentacle)
 x - a ring of resist corrosion (on tentacle)
 y - a ring of stealth (on tentacle)
Wands
 u - a wand of flame (14)
 z - a wand of paralysis (9)
Scrolls
 d - 2 scrolls of magic mapping {unknown}
 f - 3 scrolls of teleportation {unknown}
 k - 3 scrolls of identify {unknown}
 l - 2 scrolls of amnesia {unknown}
 n - 5 scrolls of enchant armour {unknown}
 o - a scroll of immolation {unknown}
 p - 2 scrolls of noise {unknown}
 r - a scroll of fear {unknown}
 s - 2 scrolls of remove curse {unknown}
 v - a scroll of random uselessness {unknown}
Potions
 e - a potion of cancellation {unknown}
 g - a potion of curing
 h - 2 potions of degeneration
 i - 2 potions of lignification {unknown}
 j - 2 potions of heal wounds {unknown}
 m - 3 potions of might {unknown}
 A - a potion of attraction {unknown}


   Skills:
 - Level 2.1 Fighting
 - Level 0.4 Short Blades
 * Level 6.7 Throwing
 - Level 2.1 Dodging
 - Level 2.3 Stealth


You had 5 spell levels left.
You didn't know any spells.
Your spell library was empty.

Dungeon Overview and Level Annotations

Branches:
Dungeon (4/15)
 Temple: D:4-7

Altars:
Gozag
Qazlal
Ru
Vehumet


Innate Abilities, Weirdness & Mutations

You cannot wear most types of armour.
You are very stealthy in the water. (Stealth+)
You are amphibious.
You can wear up to eight rings at the same time.
You can use your tentacles to constrict eight enemies at once.
Your skin changes colour to match your surroundings (Stealth+).
Your rubbery body absorbs attacks. (AC +1, EV +1)


Message History

Unknown command.
Throw: 3 javelins
Press: ? - help, Q - select action, (/) - cycle Shift-Dir - straight line, f/p - gnoll
Aim: a gnoll, wielding a -1 spear You throw a javelin.
The javelin barely misses the gnoll.
The javelin pierces through the gnoll.
The gnoll is almost dead.
The gnoll closely misses you.
Unknown command.
Unknown command.
Throw: 2 javelins
Press: ? - help, Q - select action, (/) - cycle Shift-Dir - straight line, f/p - gnoll
Aim: a gnoll, wielding a -1 spear You throw a javelin.
The javelin pierces through the gnoll.
The gnoll is heavily wounded.
The javelin pierces through the gnoll!
You kill the gnoll!
The gnoll hits you from afar with a cursed -1 spear.
You die...
Your body crumbles into a pile of gold.

# #### ##### ....##############
####.... ...$$..(.(...$g.@##
#..#....
.#######'#######..########<......
#.# #...##..##......##
#####.##### #..........###.#..
#...'.'...# #............#.#..
#.###.###.# #...#.###.........
#.# #.# #.# #...#.....##......
###'###.###'###.#..........(....
+.....(.......+.#...............


You could see a gnoll.

Vanquished Creatures
  An iguana (D:4)
  Natasha (D:4)
  2 gnolls (D:4)
  3 adders
  2 oozes (D:3)
  A worm (D:2)
  12 dart slugs
  8 leopard geckos
  4 orcs
  18 giant cockroaches
  8 goblins
  6 hobgoblins
  4 jackals
  7 bats
  A frilled lizard (D:3)
  7 kobolds
  3 rats
88 creatures vanquished.

Notes
Turn   | Place    | Note
-------+----------+-------------------------------------------
     0 | D:1      | dickylongcocking the Octopode Hunter began the quest for
                  | the Orb.
     0 | D:1      | Reached XP level 1. HP: 14/14 MP: 1/1
   833 | D:1      | Reached XP level 2. HP: 12/19 MP: 2/2
  1583 | D:2      | Reached XP level 3. HP: 24/24 MP: 3/3
  1835 | D:2      | Found an opulent altar of Gozag.
  1836 | D:2      | Found a radiant altar of Vehumet.
  2021 | D:2      | Became a worshipper of Gozag Ym Sagoz the Greedy
  2313 | D:2      | Found a stormy altar of Qazlal.
  2486 | D:3      | Reached skill level 5 in Throwing
  2569 | D:3      | Reached XP level 4. HP: 29/29 MP: 4/4
  3172 | D:3      | Found a sacrificial altar of Ru.
  3996 | D:4      | Reached XP level 5. HP: 28/34 MP: 5/5
  4334 | D:4      | Reached skill level 6 in Throwing
  4907 | D:4      | Noticed Natasha
  4923 | D:4      | Killed Natasha
  4924 | D:4      | Reached XP level 6. HP: 9/39 MP: 6/6
  4934 | D:4      | HP: 1/39 [gnoll/cursed -1 spear (10)]
  4938 | D:4      | Slain by a gnoll

Illustrated notes

Levels and vault maps discovered:
D:1:      saegor_arrival_simple_b, layout_basic, solitary_fountain, st_stairs_11
D:2:      minmay_roachtagon, layout_basic, gammafunk_temple_overflow_pools,
          nicolae_qazlal_eye_of_the_storm
D:3:      minmay_chambers_of_twos, layout_loops_corners,
          nicolae_ru_the_path_less_chosen
D:4:      kennysheep_slugbush, layout_cave_pools, gup_sewer_entry_pipe,
          serial_shops, shop, minmay_door_square, uniq_natasha

Skill      XL: |  1  2  3  4  5 |
---------------+----------------+-----
Stealth        | 2 |  2.3
Throwing       | 5 6 |  6.7
Fighting       | |  2.1
Short Blades   | |  0.4
Dodging        | |  2.1

Action                   |  1- 3 |  4- 6 || total
-------------------------+-------+-------++-------
Melee: Short sword       |    69 |   120 ||   189
       Constrict         |    15 |    41 ||    56
       Tentacles         |     8 |    20 ||    28
Throw: Javelin           |     7 |     4 ||    11
  Use: Potion            |       |     2 ||     2
 Stab: Sleeping          |     4 |    10 ||    14
       Distracted        |       |     1 ||     1
Armor: Skin              |    13 |    12 ||    25
Dodge: Dodged            |    74 |    98 ||   172

Table legend: (Time is in decaauts)
 A = Elapsed time spent in this place.
 B = Non-inter-level travel time spent in this place.
 C = Inter-level travel time spent in this place.
 D = Time resting spent in this place.
 E = Time spent auto-exploring this place.
 F = Levels seen in this place.
 G = Mean time per level.
                   A        B        C        D        E       F      G
               +--------+--------+--------+--------+--------+-----+--------+
         Total |   4952 |   4789 |    163 |    144 |   3977 |   4 | 1238.0 |
       Dungeon |   4952 |   4789 |    163 |    144 |   3977 |   4 | 1238.0 |
               +--------+--------+--------+--------+--------+-----+--------+

Top non-repeatable levels by time:
     D:3: 1411 daAuts
     D:1: 1366 daAuts
     D:4: 1094 daAuts
     D:2: 1080 daAuts
